 Dungeon Crawl Stone Soup version 0.13.0-59-g13bd910 (webtiles) character file.

1842 Kae the Conjurer (level 8, -1/41 HPs)
             Began as a Tengu Fire Elementalist on Nov 16, 2013.
             Was a Follower of Vehumet.
             Killed from afar by an orc wizard (10 damage)
             ... with a puff of flame
             ... on Level 5 of the Dungeon on Nov 17, 2013.
             The game lasted 00:13:04 (6856 turns).

Kae the Conjurer (Tengu Fire Elementalist)          Turns: 6856, Time: 00:13:04

HP  -1/41        AC  5     Str  9      XL: 8   Next: 78%
MP  15/21        EV 12     Int 18      God: Vehumet [*.....]
Gold 368         SH  0     Dex 14      Spells:  6 memorised,  1 level left

Res.Fire  : . . .   See Invis. : .   v - -2,-1 orc dagger (curse)
Res.Cold  : . . .   Warding    : .   a - +0 robe
Life Prot.: . . .   Conserve   : .   (no shield)
Res.Poison: .       Res.Corr.  : .   (helmet restricted)
Res.Elec. : .       Clarity    : .   E - +0 elf cloak
Sust.Abil.: . .     Spirit.Shd : .   l - +1 pair of gloves
Res.Mut.  : .       Stasis     : .   (boots unavailable)
Res.Rott. : .       Flight     : .   (no amulet)
Saprovore : . . .                    (no ring)
                                     (no ring)

@: slightly resistant to hostile enchantments, stealthy
A: able to fly, beak, talons 3
a: Fly, Renounce Religion


You were on level 5 of the Dungeon.
You worshipped Vehumet.
Vehumet was aware of your devotion.
You were hungry.

You visited 1 branch of the dungeon, and saw 6 of its levels.

You collected 348 gold pieces.

Inventory:

Hand weapons
 v - a cursed -2,-1 orcish dagger (weapon)
 G - a +3,+2 elven dagger of speed (quivered)
Armour
 a - a +0 robe (worn)
 l - a +1 pair of gloves (worn)
 E - a +0 elven cloak (worn)
Magical devices
 A - a wand of draining (0)
Comestibles
 c - 6 bread rations
 r - 2 chokos
 z - 2 apples
 B - a meat ration
 I - a pear
Scrolls
 e - 2 scrolls of magic mapping {unknown}
 f - 9 scrolls of remove curse {unknown}
 g - 4 scrolls of random uselessness {unknown}
 h - 3 scrolls of teleportation {unknown}
 i - 2 scrolls of identify {unknown}
 j - a scroll of noise {unknown}
 k - 4 scrolls of enchant weapon I {unknown}
 o - a scroll of fear {unknown}
 p - a scroll of enchant armour {unknown}
 u - a scroll of amnesia {unknown}
 w - a scroll of recharging {unknown}
 x - 2 scrolls of enchant weapon II {unknown}
Jewellery
 y - an uncursed ring of fire {unknown}
Potions
 d - a potion of might {unknown}
 m - a potion of agility {unknown}
 n - a potion of degeneration {unknown}
 q - 2 potions of poison {unknown}
 s - 4 potions of heal wounds {unknown}
 t - a potion of berserk rage {unknown}
 F - a potion of coagulated blood
 H - a potion of restore abilities {unknown}
Books
 b - a book of Flames

   Spells                             Type                      Level
   *Flame Tongue                      Conjuration/Fire             1
   *Throw Flame                       Conjuration/Fire             2
   *Conjure Flame                     Conjuration/Fire             3
   Inner Flame                        Hexes/Fire                   3
   *Sticky Flame                      Conjuration/Fire             4
   *Fireball                          Conjuration/Fire             5
 C - a book of Control

   Spells                             Type                      Level
   Control Teleport                   Charms/Translocation         4
   Control Undead                     Necromancy                   4
   Enslavement                        Hexes                        4
   Mass Confusion                     Hexes                        6
   Metabolic Englaciation             Hexes/Ice                    6
 D - a book of Callings

   Spells                             Type                      Level
   Summon Small Mammal                Summoning                    1
   Call Imp                           Summoning                    2
   Call Canine Familiar               Summoning                    3
   Summon Scorpions                   Summoning/Poison             4
   Summon Ice Beast                   Ice/Summoning                4


   Skills:
 - Level 2.1 Dodging
 - Level 2.0 Stealth
 + Level 5.2 Spellcasting
 + Level 8.0 Conjurations
 + Level 7.8 Fire Magic


You had one spell level left.
You knew the following spells:

 Your Spells              Type           Power        Failure   Level  Hunger
a - Flame Tongue          Conj/Fire      ####.        1%          1    None
b - Throw Flame           Conj/Fire      ####..       1%          2    #......
c - Conjure Flame         Conj/Fire      ####....     1%          3    ###....
d - Sticky Flame          Conj/Fire      ####....     6%          4    ####...
e - Fireball              Conj/Fire      ####......   17%         5    #####..
f - Freeze                Ice            #...         14%         1    None


Dungeon Overview and Level Annotations

Branches:
Dungeon (6/27)
 Temple: D:4-7          Orc: D:6-11

Altars:
Ashenzari
Elyvilon
Kikubaaqudgha
Trog
Vehumet
Yredelemnul
the Shining One

Shops:
D:4 [

Annotations:
D:2 Terence


Innate Abilities, Weirdness & Mutations

You can fly.
You have a beak for a mouth.
You have claws for feet.


Message History

Vehumet accepts your kill.
An orc priest comes into view. It is wielding an orcish mace.
Casting: Flame Tongue
Confirm with . or Enter, or press ? or * to list all spells.
You can't see any susceptible monsters within range! (Use Z to cast anyway.)
Casting: Flame Tongue
Confirm with . or Enter, or press ? or * to list all spells.
You can't see any susceptible monsters within range! (Use Z to cast anyway.)
Casting: Flame Tongue
Confirm with . or Enter, or press ? or * to list all spells.
You can't see any susceptible monsters within range! (Use Z to cast anyway.)
Casting: Flame Tongue
Confirm with . or Enter, or press ? or * to list all spells.
You can't see any susceptible monsters within range! (Use Z to cast anyway.) It picks up a dagger.
You start resting.
The magic dart hits you!
* * * LOW HITPOINT WARNING * * *
The puff of flame hits you!
You die...

...........# #.#.#######........
.......)...# #.#......##########
......)....# #.######.# #
...........# #.#....#.# #
.....).....####.##.#.#.##########
...........{)..>................ยง
...........####....#.#####.###'##
......(o...# #.##.#.# #.##....
############ #.@....#####.##....
##############..........#....
#.......................+....
#####.#############......####)...
......# #......# ##### #######
#......# # #......# # #%.....# #
#......#


There were no monsters in sight!

Vanquished Creatures
  The ghost of Brokkr the Cutter, an experienced KoBe of Trog (D:4)
  The ghost of Brokkr the Cutter, an average KoBe of Trog (D:3)
  A necrophage (D:5)
  An orc warrior (D:6)
  Duvessa (D:6)
  A giant frog (D:4)
  5 wights (D:6)
  Dowan (D:6)
  2 orc priests
  A crimson imp (D:6)
  2 scorpions
  An orc wizard (D:3)
  A hound (D:4)
  6 worker ants
  8 adders
  2 worms
  An iguana zombie (D:5)
  A giant eyeball (D:4)
  6 giant geckos
  3 oozes
  10 orcs
  14 bats
  6 giant cockroaches
  A gnoll zombie (D:5)
  8 goblins
  15 hobgoblins
  8 jackals (D:3)
  2 ball pythons
  A ball python skeleton (D:4)
  8 giant newts
  10 kobolds
  3 quokkas
  10 rats
142 creatures vanquished.

Vanquished Creatures (others)
  A wizard (D:3)
  An ogre (D:6)
  A giant frog (D:6)
  An adder (D:6)
4 creatures vanquished.

Grand Total: 146 creatures vanquished

Notes
Turn   | Place    | Note
--------------------------------------------------------------
     0 | D:1      | Kae, the Tengu Fire Elementalist, began the quest for the Orb.
     0 | D:1      | Reached XP level 1. HP: 10/10 MP: 3/3
   220 | D:1      | Found a shattered altar of Ashenzari.
   225 | D:1      | Reached XP level 2. HP: 15/15 MP: 1/5
   658 | D:2      | Reached XP level 3. HP: 15/19 MP: 2/7
   663 | D:2      | Reached skill level 4 in Fire Magic
   824 | D:2      | Noticed Terence
  1859 | D:2      | Reached XP level 4. HP: 21/24 MP: 5/8
  2397 | D:3      | Learned a level 2 spell: Throw Flame
  2401 | D:3      | Learned a level 3 spell: Conjure Flame
  2451 | D:3      | Found a glowing golden altar of the Shining One.
  2475 | D:3      | Upgraded the game from 0.13.0-29-gdb529de to 0.13.0-59-g13bd910
  2626 | D:3      | Noticed Brokkr's ghost (average KoBe)
  3104 | D:3      | Killed Brokkr's ghost
  3104 | D:3      | Reached skill level 5 in Fire Magic
  3104 | D:3      | Reached XP level 5. HP: 28/28 MP: 4/12
  3104 | D:3      | Reached XP level 6. HP: 32/32 MP: 4/13
  3528 | D:3      | Found a bloodstained altar of Trog.
  3531 | D:3      | Noticed a wizard
  3536 | D:3      | Killed a wizard
  3596 | D:3      | Reached skill level 5 in Conjurations
  3640 | D:3      | Found an ancient bone altar of Kikubaaqudgha.
  3770 | D:4      | Paralysed by a giant eyeball for 2 turns
  3774 | D:4      | Paralysed by a giant eyeball for 2 turns
  3832 | D:4      | Found a basalt altar of Yredelemnul.
  3835 | D:4      | Found a white marble altar of Elyvilon.
  3838 | D:4      | Found a radiant altar of Vehumet.
  3844 | D:4      | Became a worshipper of Vehumet
  4108 | D:4      | Noticed Brokkr's ghost (experienced KoBe)
  4110 | D:4      | Reached XP level 7. HP: 13/36 MP: 5/17
  4140 | D:4      | Killed Brokkr's ghost
  4140 | D:4      | Reached skill level 6 in Conjurations
  4463 | D:4      | Found Prismene's Antique Armour Shop.
  4557 | D:5      | Entered Level 5 of the Dungeon
  5391 | D:5      | Reached XP level 8. HP: 35/41 MP: 15/20
  5550 | D:5      | Acquired Vehumet's first power
  5550 | D:5      | Offered knowledge of Freeze by Vehumet.
  5800 | D:6      | Reached skill level 7 in Conjurations
  5995 | D:6      | Learned a level 4 spell: Sticky Flame
  6001 | D:6      | Learned a level 5 spell: Fireball
  6003 | D:6      | Learned a level 1 spell: Freeze
  6327 | D:6      | Noticed Duvessa
  6385 | D:6      | Reached skill level 5 in Spellcasting
  6618 | D:6      | Noticed Dowan
  6626 | D:6      | Killed Duvessa
  6634 | D:6      | Killed Dowan
  6634 | D:6      | Reached skill level 8 in Conjurations
  6856 | D:5      | Killed from afar by an orc wizard

Action                   |  1- 3 |  4- 6 |  7- 9 || total
-------------------------+-------+-------+-------++-------
Melee: Unarmed           |    55 |    19 |       ||    74
       Dagger            |       |    40 |    43 ||    83
 Cast: Flame Tongue      |    61 |   103 |   121 ||   285
       Conjure Flame     |       |     1 |     3 ||     4
       Throw Flame       |       |     2 |     9 ||    11
       Freeze            |       |       |     4 ||     4
Evoke: Wand              |       |       |     6 ||     6
 Stab: Distracted        |     1 |       |       ||     1
       Sleeping          |       |     2 |       ||     2
